Map: [ESL] Data-C

Players

Zoun - Winner!

  • Race: Protoss Protoss
  • Spawn Location: 9:00

LiquidClem (Clem)

  • Race: Terran Terran
  • League: Grandmaster
  • Spawn Location: 3:00

Event: HomeStory Cup XXII

VOD

Have the link to the VOD?

Description

Time

  • Played on: Dec. 17, 2022, 8:48 a.m.
  • Length: 20:58

All games in this series

Show
View Real Time Build Order
Export as new Build Order

Zoun Protoss - Winner!

Build Orders: 1 Gate Expand, Phoenix Opening 

Get SALT Encoding   

  12  0:00  Probe  
  13  0:12  Probe  
  14  0:17  Pylon  
  14  0:24  Probe (Chrono Boost)  
  15  0:36  Probe (Chrono Boost), Gateway  
  16  0:44  Probe (Chrono Boost)  
  16  0:46  Assimilator  
  17  0:50  Probe  
  18  1:03  Probe  
  19  1:15  Probe  
  20  1:23  Cybernetics Core  
  20  1:34  Nexus  
  20  1:37  Probe  
  21  1:45  Pylon  
  21  1:50  Probe  
  21  1:52  Assimilator  
  22  2:00  Adept (Chrono Boost)  
  22  2:02  Probe  
  25  2:14  Probe  
  26  2:19  Stargate  
  26  2:27  Probe  
  27  2:30  Warp Gate  
  27  2:33  Adept  
  29  2:39  Probe (Chrono Boost)  
  30  2:47  Probe (Chrono Boost)  
  32  2:51  Probe (Chrono Boost)  
  32  2:56  Probe (Chrono Boost)  
  32  2:58  Probe (Chrono Boost)  
  34  3:01  Probe (Chrono Boost)  
  34  3:03  Phoenix (Chrono Boost)  
  34  3:05  Adept, Probe  
  40  3:13  Probe  
  41  3:22  Gateway  
  41  3:23  Phoenix (Chrono Boost)  
  43  3:31  Probe  
  43  3:32  Pylon  
  44  3:39  Probe  
  45  3:43  Probe  
  46  3:49  Shield Battery  
  46  3:50  Phoenix  
  46  3:52  Robotics Facility  
  48  3:56  Probe  
  45  4:15  Probe  
  44  4:20  Probe (Chrono Boost)  
  45  4:28  Probe (Chrono Boost), Assimilator  
  45  4:31  Assimilator  
  47  4:32  Probe (Chrono Boost)  
  47  4:34  Nexus  
  47  4:35  Pylon  
  47  4:38  Probe (Chrono Boost)  
  48  4:40  Probe (Chrono Boost)  
  48  4:43  Probe  
  48  4:45  Robotics Bay  
  50  4:46  Observer  
  50  4:49  Probe  
  52  4:53  Pylon  
  52  4:55  Probe  
  53  5:01  Probe  
  53  5:06  Immortal (Chrono Boost)  
  54  5:11  Probe  
  54  5:13  Probe  
  60  5:15  Twilight Council  
  60  5:23  Shield Battery, Probe  
  60  5:24  Sentry  
  60  5:26  Probe  
  64  5:35  Disruptor (Chrono Boost), Probe  
  65  5:38  Probe  
  69  5:44  Pylon  
  69  5:45  Charge (Chrono Boost)  
  69  5:47  Probe x2  
  71  5:50  Probe  
  71  5:54  Phoenix  
  74  5:59  Probe x2  
  74  6:02  Gateway  
  74  6:03  Gateway  
  76  6:05  Disruptor (Chrono Boost)  
  79  6:14  Probe x2  
  81  6:20  Gateway  
  81  6:22  Gateway  
  81  6:27  Gateway  
  81  6:34  Probe  
  81  6:35  Zealot x2  
  81  6:39  Disruptor (Chrono Boost), Pylon  
  86  6:53  Gateway  
  86  6:56  Zealot x3  
  92  7:06  Stalker  
  94  7:08  Disruptor (Chrono Boost)  
  93  7:17  Zealot x4  
  97  7:24  Zealot x2  
  97  7:29  Observer  
  89  7:35  Zealot  
  83  7:38  Observer  
  83  7:39  Phoenix  
  83  7:41  Immortal (Chrono Boost)  
  83  7:44  Stalker x5  
  99  7:45  Blink (Chrono Boost)  
  99  7:48  Forge  
  99  7:52  Probe  
  99  7:53  Probe  
  99  7:56  Pylon  
  101  7:59  Pylon  
  101  8:10  Probe  
  101  8:12  Probe  
  101  8:13  Colossus (Chrono Boost)  
  101  8:14  Probe, Pylon  
  101  8:16  Pylon  
  108  8:22  Protoss Ground Weapons Level 1  
  108  8:23  Probe  
  108  8:26  Zealot x4  
  117  8:27  Extended Thermal Lance (Chrono Boost)  
  117  8:30  Robotics Facility  
  117  8:35  Zealot  
  117  8:36  Zealot, Sentry  
  117  8:38  Probe x2  
  125  8:51  Probe x3  
  125  8:53  Assimilator x2  
  120  9:03  Probe  
  120  9:05  Zealot x3  
  120  9:06  Colossus (Chrono Boost)  
  133  9:12  Pylon  
  133  9:13  Pylon  
  133  9:15  Pylon  
  133  9:16  Pylon  
  133  9:29  Stalker  
  133  9:30  Stalker  
  133  9:31  Nexus, Stalker  
  137  9:34  Pylon  
  137  9:37  Observer (Chrono Boost)  
  136  9:45  Zealot x3, Templar Archives  
  142  9:51  Probe x3  
  142  9:52  Shield Battery  
  145  9:56  Photon Cannon  
  145  10:03  Probe x2  
  145  10:04  Photon Cannon  
  147  10:10  Disruptor x2  
  153  10:19  Zealot x4  
  157  10:31  Stalker, High Templar x2  
  157  10:33  Stalker  
  165  10:35  Archon  
  165  10:45  Zealot x4  
  165  10:46  Disruptor  
  176  10:50  Disruptor  
  179  11:01  Zealot x2  
  183  11:07  Gateway x2  
  183  11:11  Protoss Ground Weapons Level 2 (Chrono Boost)  
  183  11:13  Probe x3  
  183  11:15  Assimilator x2  
  184  11:20  Stalker x2  
  184  11:25  Pylon x2  
  188  11:26  Forge  
  187  11:41  Disruptor x2 (Chrono Boost)  
  191  11:55  Protoss Ground Armor Level 1 (Chrono Boost)  
  191  12:02  Stalker x4  
  191  12:06  Warp Prism (Chrono Boost)  
  198  12:17  Zealot  
  198  12:19  Dark Shrine  
  198  12:21  Nexus  
  200  12:27  Disruptor (Chrono Boost)  
  185  12:35  Disruptor (Chrono Boost)  
  187  12:41  Zealot  
  187  12:42  Zealot x5  
  199  12:48  Pylon  
  191  13:00  Disruptor (Chrono Boost)  
  194  13:06  Stalker x3  
  196  13:20  Shield Battery  
  196  13:22  Photon Cannon  
  196  13:24  Photon Cannon  
  196  13:25  Zealot  
  196  13:26  Zealot  
  200  13:27  Photon Cannon  
  190  13:40  Disruptor x2  
  181  13:42  Zealot x8  
  192  13:53  Zealot x2  
  192  13:54  Shadow Stride  
  181  14:02  Protoss Ground Weapons Level 3 (Chrono Boost)  
  181  14:08  Zealot x7  
  181  14:09  Zealot  
  197  14:11  Protoss Ground Armor Level 2 (Chrono Boost)  
  179  14:31  Zealot x8  
  179  14:32  Zealot x2  
  181  14:44  Disruptor x2 (Chrono Boost)  
  150  14:55  Stalker x8  
  150  14:56  Stalker x2  
  158  15:09  Colossus x2 (Chrono Boost)  
  160  15:32  Dark Templar x6  
  166  15:36  Dark Templar x3  
  166  15:37  Dark Templar  
  152  15:58  Archon x2  
  152  15:59  Archon  
  138  16:06  Dark Templar x4  
  138  16:10  Disruptor  
  145  16:12  Stalker x3  
  145  16:13  Stalker  
  153  16:19  Stalker x2  
  155  16:39  Stalker x5  
  162  16:42  Nexus  
  153  16:54  Disruptor x2  
  149  17:05  Zealot x3  
  149  17:06  Zealot x6  
  131  17:16  Dark Templar  
  129  17:30  Disruptor x2  
  129  17:33  High Templar  
  129  17:34  Stalker x3  
  129  17:35  High Templar  
  145  17:40  Archon  
  145  17:45  Zealot x4  
  133  18:05  Disruptor  
  130  18:07  Zealot x7  
  139  18:18  Disruptor (Chrono Boost)  
  140  18:23  Dark Templar  
  140  18:26  Zealot  
  144  18:31  Nexus  
  132  18:39  Disruptor (Chrono Boost)  
  132  18:43  Stalker  
  132  18:44  Zealot x5  
  147  18:50  Disruptor (Chrono Boost), Stalker  
  147  18:54  Stalker  
  154  18:56  Zealot x2  
  154  19:19  Zealot x6, Stalker x3  
  158  19:27  Zealot  
  143  19:37  Disruptor  
  136  19:42  Zealot x8  
  144  19:50  Stalker x2  
  145  19:58  Pylon  
  145  20:02  Stalker  
  145  20:03  Stalker  
  149  20:09  Stalker x2  
  147  20:23  Zealot x4  
  154  20:35  Zealot x3  
  154  20:41  Stalker  
Show
View Real Time Build Order
Export as new Build Order

LiquidClem Terran 

Build Orders:  

Get SALT Encoding   

  12  0:00  SCV  
  13  0:12  SCV  
  14  0:17  Supply Depot  
  14  0:24  SCV  
  15  0:38  SCV  
  15  0:39  Barracks  
  16  0:42  Refinery  
  16  0:50  SCV  
  17  1:02  SCV  
  18  1:14  SCV  
  19  1:26  Marine  
  19  1:27  Orbital Command  
  20  1:41  Command Center  
  20  1:53  Factory  
  20  1:57  SCV  
  21  2:01  Barracks Reactor  
  21  2:07  Supply Depot  
  21  2:09  SCV  
  22  2:18  Bunker  
  22  2:21  SCV  
  23  2:31  Refinery  
  23  2:33  SCV  
  24  2:39  Starport  
  26  2:44  Hellion  
  26  2:47  Hellion  
  26  2:51  SCV  
  29  3:00  Orbital Command  
  29  3:03  SCV  
  30  3:10  Hellion  
  32  3:15  Hellion  
  32  3:19  Medivac  
  36  3:22  SCV  
  36  3:23  Barracks Tech Lab  
  36  3:26  SCV  
  38  3:30  Supply Depot  
  38  3:34  SCV  
  38  3:39  SCV  
  40  3:46  Cyclone, SCV  
  40  3:47  Marine  
  45  3:50  Marine  
  45  3:52  SCV  
  47  4:02  SCV  
  48  4:03  Barracks  
  48  4:07  Marine  
  48  4:08  Marine  
  48  4:09  SCV  
  43  4:18  SCV  
  43  4:19  Barracks  
  43  4:20  Supply Depot  
  43  4:21  SCV  
  43  4:23  Cyclone  
  46  4:25  Marine  
  46  4:26  Marine  
  46  4:30  SCV  
  49  4:33  SCV  
  49  4:34  Engineering Bay  
  50  4:42  SCV  
  50  4:43  Marine  
  50  4:44  Marine  
  50  4:45  Supply Depot, SCV  
  53  4:49  Refinery  
  53  4:52  Starport Reactor  
  54  4:54  SCV  
  54  4:58  SCV  
  54  4:59  Stimpack, Marine  
  57  5:01  Factory Tech Lab, Marine  
  57  5:06  SCV  
  59  5:10  SCV  
  59  5:12  Marine  
  59  5:13  Supply Depot, Refinery  
  61  5:18  Marine  
  61  5:19  SCV  
  61  5:20  Terran Infantry Weapons Level 1  
  63  5:23  Supply Depot, SCV, Marine  
  63  5:25  Combat Shield  
  63  5:27  Marauder  
  67  5:29  Factory Reactor  
  67  5:31  SCV  
  67  5:32  Marine  
  69  5:36  Marauder  
  69  5:37  Medivac  
  69  5:40  Medivac  
  69  5:42  Supply Depot  
  75  5:43  Marine  
  75  5:49  Marauder  
  78  5:50  Marine  
  79  5:58  Marauder  
  79  6:03  Command Center, Marine  
  82  6:07  Widow Mine x2  
  82  6:11  Supply Depot, Marine  
  86  6:15  Marauder  
  86  6:18  Medivac x2  
  93  6:23  Marine  
  94  6:25  Supply Depot  
  94  6:32  SCV x2, Marauder  
  96  6:34  Marine  
  96  6:36  Marauder  
  96  6:38  Widow Mine  
  101  6:44  Widow Mine  
  101  6:46  Barracks x2  
  98  6:49  SCV x2  
  98  6:50  Marine  
  98  6:53  Medivac  
  105  6:54  Marauder  
  105  6:55  Medivac  
  105  6:56  Marine  
  107  7:01  Supply Depot  
  107  7:02  Marauder  
  107  7:05  Concussive Shells  
  109  7:09  SCV  
  109  7:11  SCV  
  109  7:13  Marine  
  109  7:15  Widow Mine x2, Marauder  
  115  7:18  Marine  
  114  7:24  SCV  
  96  7:31  Marauder  
  96  7:35  Marine  
  96  7:36  Widow Mine x2  
  94  7:37  Barracks Tech Lab  
  94  7:38  Barracks Reactor, Marine  
  94  7:39  SCV  
  94  7:40  SCV  
  94  7:42  Orbital Command  
  96  7:45  Marauder  
  96  7:48  Terran Infantry Armor Level 1  
  98  7:51  SCV  
  98  7:54  Marine  
  98  7:55  SCV  
  98  7:56  Marauder, Marine  
  98  7:58  Widow Mine  
  106  7:59  Marauder  
  106  8:04  Supply Depot, SCV  
  111  8:05  Widow Mine  
  111  8:07  SCV  
  111  8:09  Marine  
  111  8:11  SCV  
  108  8:14  Marine  
  108  8:16  SCV, Marine  
  108  8:17  Marauder, Marine x2  
  108  8:19  SCV  
  116  8:20  Marauder  
  116  8:21  Supply Depot  
  116  8:23  SCV  
  116  8:24  Widow Mine  
  116  8:27  Widow Mine, Marine  
  123  8:28  SCV  
  123  8:32  SCV  
  126  8:37  Marine x4  
  126  8:38  SCV  
  126  8:39  Refinery, Marauder  
  126  8:40  Supply Depot, Refinery  
  133  8:42  Ghost Academy, SCV  
  133  8:46  Marauder  
  133  8:47  Marauder  
  138  8:50  Widow Mine x2  
  142  8:55  Marine  
  142  8:56  Marine x3  
  142  8:57  Supply Depot  
  142  8:59  SCV  
  142  9:00  Marauder  
  142  9:01  SCV  
  144  9:08  Marauder  
  144  9:09  Command Center  
  145  9:17  Armory  
  145  9:18  Engineering Bay  
  145  9:20  Viking x2  
  149  9:26  Supply Depot, Ghost  
  149  9:29  Ghost  
  149  9:31  Ghost  
  153  9:37  Supply Depot  
  153  9:39  Marine x3  
  153  9:40  Marine  
  157  9:52  Viking x2  
  161  9:53  Supply Depot  
  161  9:54  Ghost  
  163  10:04  Barracks x2  
  163  10:05  Barracks, SCV x3  
  166  10:10  Marine x3  
  166  10:11  Sensor Tower  
  166  10:14  Terran Infantry Weapons Level 2  
  169  10:18  Terran Infantry Armor Level 2  
  169  10:20  SCV  
  170  10:22  Viking  
  170  10:25  Viking  
  170  10:26  SCV  
  172  10:34  SCV, Starport  
  173  10:36  Enhanced Shockwaves  
  173  10:38  Terran Ship Weapons Level 1  
  173  10:40  Marine  
  173  10:42  Marauder  
  178  10:43  Marauder  
  178  10:46  SCV  
  178  10:47  SCV x2  
  179  10:51  Ghost  
  179  10:52  Viking  
  183  10:57  Barracks Tech Lab  
  183  10:58  Barracks Reactor, Barracks Tech Lab  
  183  10:59  SCV  
  183  11:04  Marauder x2  
  188  11:08  Planetary Fortress  
  188  11:11  Refinery  
  186  11:12  Refinery  
  186  11:15  SCV  
  186  11:20  Ghost  
  186  11:21  Command Center  
  186  11:22  SCV x2  
  186  11:25  Viking x2  
  186  11:29  Viking  
  186  11:32  Viking  
  192  11:39  SCV x3  
  195  11:40  Marauder  
  195  11:41  Marauder  
  198  11:54  Command Center  
  198  11:56  Fusion Core  
  188  12:06  Medivac  
  188  12:07  Ghost  
  190  12:10  Medivac x2  
  190  12:12  Marauder x3  
  190  12:15  Command Center  
  200  12:22  Marauder  
  189  12:26  Sensor Tower  
  189  12:27  Missile Turret  
  189  12:28  Medivac  
  183  12:33  Marauder  
  183  12:34  Marauder x2  
  185  12:39  Medivac, Marine x2  
  185  12:40  Marine  
  185  12:42  Terran Infantry Weapons Level 3  
  190  12:47  Marine  
  192  12:51  Marauder  
  192  12:52  Marauder  
  192  12:55  Marauder  
  192  12:56  Medivac, Marine  
  196  12:59  Medivac  
  196  13:01  Missile Turret  
  196  13:03  Marauder  
  200  13:18  Terran Infantry Armor Level 3  
  200  13:27  Refinery, Planetary Fortress  
  200  13:30  Missile Turret  
  200  13:32  Refinery, Marauder  
  195  13:34  Marauder  
  195  13:35  Refinery, Marauder  
  195  13:39  Refinery  
  188  13:41  Marauder  
  188  13:44  SCV  
  188  13:45  Liberator  
  188  13:46  SCV  
  187  13:48  SCV  
  187  13:49  SCV  
  187  13:52  Marine  
  187  13:53  Liberator  
  187  13:54  Liberator  
  187  13:55  SCV  
  189  13:57  Marauder x2, Marine x3  
  189  14:01  Liberator  
  197  14:05  SCV  
  197  14:06  Marauder  
  195  14:11  SCV  
  195  14:12  Marauder  
  195  14:14  Marine x2  
  194  14:18  Marauder x2  
  194  14:20  Fusion Core  
  186  14:25  Marauder  
  186  14:26  SCV  
  186  14:27  SCV  
  186  14:28  Liberator  
  181  14:31  Ghost  
  181  14:36  Liberator  
  186  14:39  Orbital Command  
  186  14:43  Marine  
  186  14:44  Marine  
  175  14:46  Liberator  
  175  14:49  SCV x4  
  175  14:51  SCV  
  172  15:05  SCV  
  172  15:06  Liberator  
  176  15:10  Marine  
  176  15:13  Marine x2, Planetary Fortress  
  179  15:14  SCV  
  179  15:17  Marauder  
  179  15:20  Marauder x2, Marine  
  186  15:22  SCV, Marauder  
  187  15:31  Marine  
  187  15:32  Marine  
  187  15:34  Marine  
  187  15:37  Liberator  
  187  15:38  Marauder  
  187  15:41  Marauder x2  
  187  15:42  Refinery  
  194  15:43  Refinery  
  194  15:49  Liberator  
  188  15:52  Marine x2  
  188  15:54  Marauder  
  186  15:59  Liberator  
  186  16:00  Marauder, Marine x2  
  186  16:02  Marauder  
  195  16:05  Advanced Ballistics  
  191  16:19  Supply Depot  
  191  16:23  Supply Depot  
  188  16:30  SCV  
  188  16:31  Marauder  
  188  16:32  Ghost  
  187  16:33  SCV x2  
  187  16:35  Ghost  
  187  16:37  Marauder  
  183  16:40  SCV  
  177  16:51  Ghost  
  177  16:52  SCV, Marine  
  179  16:58  Ghost  
  179  17:01  Ghost  
  171  17:03  Ghost  
  171  17:05  Orbital Command  
  171  17:07  Marine  
  173  17:10  Marine  
  173  17:14  SCV x2  
  165  17:18  SCV x2  
  165  17:20  Marauder  
  168  17:26  SCV x2  
  162  17:30  Marauder  
  162  17:33  Marauder  
  166  17:40  Liberator  
  166  17:41  Ghost  
  169  17:47  SCV  
  169  17:48  SCV  
  169  17:49  SCV  
  169  17:50  SCV  
  169  17:51  SCV, Ghost  
  160  17:59  SCV, Viking  
  161  18:07  Liberator  
  161  18:08  Marine  
  161  18:11  Liberator  
  160  18:13  Marine  
  160  18:14  Marauder  
  160  18:17  Orbital Command  
  158  18:21  Marauder, Marine  
  158  18:22  Marauder  
  158  18:23  Liberator  
  158  18:24  Marine  
  167  18:32  Marine  
  162  18:35  Liberator, Ghost  
  162  18:41  Marine  
  165  18:48  Marauder  
  165  18:50  Liberator  
  165  18:54  SCV  
  165  18:55  SCV x4, Refinery x2  
  171  19:01  Liberator  
  167  19:12  Marauder  
  153  19:20  Ghost  
  153  19:21  Liberator, Marine  
  153  19:24  Marine  
  158  19:28  Marine  
  149  19:32  Marauder  
  149  19:37  Marauder, Marine  
  144  19:43  Orbital Command  
  142  19:49  Marine  
  142  19:51  Marine, Orbital Command, Marauder  
  119  19:53  Marauder  
  119  19:57  Orbital Command  
  121  20:02  Ghost  
  116  20:16  Marauder x2  
  104  20:35  Marine  
Tags
 
Add a new tag
Caveats
  • Supply blocks, unpowered buildings, or Contaminate may cause inaccurate times.
  • Supply counts are checked every 10 seconds.